 Dungeon Crawl Stone Soup version 0.18-a0-1800-gdc7a371 (webtiles) character file.

676 TheGoonsmith the Firebug (level 7, -5/36 HPs)
             Began as a Deep Elf Fire Elementalist on Apr 24, 2016.
             Slain by a scorpion (6 damage)
             ... on level 7 of the Dungeon.
             The game lasted 00:12:31 (3548 turns).

TheGoonsmith the Firebug (DEFE)                     Turns: 3548, Time: 00:12:32

Health: -5/36      AC:  3    Str:  5    XL:     7   Next: 33%
Magic:  4/17       EV: 20    Int: 21    God:
Gold:   233        SH:  0    Dex: 21    Spells: 4 memorised, 3 levels left

rFire  + + .     SeeInvis .     (no weapon)
rCold  . . .     Gourm    .     a - +0 robe
rNeg   . . .     Faith    .     (no shield)
rPois  +         Spirit   .     (no helmet)
rElec  +         Dismiss  .     q - +0 cloak
rCorr  .         Reflect  .     (no gloves)
SustAt +         Harm     .     (no boots)
MR     .....                    (no amulet)
Stlth  +++.......               v - ring of the Skies Above {SustAt rElec rPois rF+ Slay+3}
                                h - ring of protection from fire

@: agile, not resistant to hostile enchantments, fairly stealthy
A: no striking features
a: no special abilities


You were on level 7 of the Dungeon.
You were hungry.

You visited 1 branch of the dungeon, and saw 6 of its levels.
You also visited: Ossuary.

You collected 233 gold pieces.

Inventory:

Armour
 a - a +0 robe (worn)
 q - a +0 cloak (worn)
 u - a +1 cloak
Jewellery
 h - a ring of protection from fire (left hand)
 v - the ring of the Skies Above (right hand) {SustAt rElec rPois rF+ Slay+3}
   (You found it on level 4 of the Dungeon)

   [ring of sustain attributes]

   It sustains your strength, intelligence and dexterity.
   It affects your accuracy and damage with ranged weapons and melee attacks
   (+3).
   It protects you from fire.
   It insulates you from electricity.
   It protects you from poison.
Wands
 k - a wand of acid (4/15)
 m - a wand of disintegration (8/24)
 p - a wand of random effects (3/48)
Scrolls
 n - 4 scrolls of remove curse
 o - a scroll of magic mapping
 t - a scroll of teleportation {unknown}
Potions
 e - 2 potions of mutation {unknown}
 f - a potion of resistance
 i - a potion of agility
 j - 2 potions of curing {unknown}
 s - a potion of degeneration {unknown}
Books
 b - a book of Flames

   Spells                             Type                      Level
   a - Flame Tongue                   Conjuration/Fire             1
   b - Throw Flame                    Conjuration/Fire             2
   c - Conjure Flame                  Conjuration/Fire             3
   d - Inner Flame                    Hexes/Fire                   3
   e - Sticky Flame                   Conjuration/Fire             4
   f - Fireball                       Conjuration/Fire             5
Comestibles
 c - 2 bread rations
 d - a royal jelly
 g - 4 meat rations
 l - 2 fruits
 r - a chunk of flesh


   Skills:
 + Level 4.2 Dodging
 - Level 2.4 Stealth
 + Level 5.4 Spellcasting
 * Level 4.7 Conjurations
 * Level 6.3 Fire Magic


You had 3 spell levels left.
You knew the following spells:

 Your Spells              Type           Power        Failure   Level  Hunger
a - Flame Tongue          Conj/Fire      ####.        1%          1    None
b - Sticky Flame          Conj/Fire      ####....     14%         4    ####...
c - Conjure Flame         Conj/Fire      ####....     3%          3    ##.....
d - Fireball              Conj/Fire      ####......   34%         5    #####..


Dungeon Overview and Level Annotations

Branches:
Dungeon (7/15)             Temple (0/1) D:4

Altars:
Cheibriados
Fedhas
Yredelemnul


Message History

The ogre is almost dead.
The orc shouts!
The centaur skeleton moves out of view.
The scorpion closely misses you. The orc closely misses you.
The ogre misses you. The scorpion barely misses you. The orc barely misses you.
You climb downwards.
An orc comes into view. It is wielding a club.
The orc moves out of view.
There is a stone staircase leading up here.
Casting: Flame Tongue
Confirm with . or Enter, or press ? or * to list all spells.
Aiming: Flame Tongue
Press: ? - help, Shift-Dir - straight line, f - orc
Aim: an orc, wielding a hand axe The flame tongue hits the orc.
The orc is almost dead.
The ogre hits you with a giant club!
* * * LOW HITPOINT WARNING * * *
The scorpion stings you.
You die...

. ...
#...########
.....#....>##
...#........##
#......<.....#
.......o@....#
........sO...#
........(....#
.......(.....#
.......!....##
.............#
../..........#
..#....(.....#
. #.....(....#


You could see an ogre, a scorpion and an orc.

Vanquished Creatures
  The ghost of Guenter the Chopper, an amateur DsGl (D:3)
  A centaur (D:7)
  An elf zombie (Ossuary)
  Crazy Yiuf (D:3)
  2 orc wizards (D:4)
  A worker ant (D:4)
  A big kobold zombie (Ossuary)
  3 hound zombies (Ossuary)
  5 mummies
  4 gnolls
  6 adders
  An ooze (D:3)
  An adder zombie (Ossuary)
  An adder skeleton (D:4)
  2 worms (D:3)
  7 dart slugs
  4 giant geckos
  7 orcs
  2 ball pythons (D:3)
  4 bats
  3 giant cockroaches
  2 gnoll zombies (D:2)
  7 goblins
  7 hobgoblins
  4 quokkas
  4 giant newts
  A goblin zombie (Ossuary)
  4 jackal zombies (Ossuary)
  8 kobolds
  3 orc zombies
  11 rats
109 creatures vanquished.

Notes
Turn   | Place    | Note
--------------------------------------------------------------
     0 | D:1      | TheGoonsmith the Deep Elf Fire Elementalist began the quest for the Orb.
     0 | D:1      | Reached XP level 1. HP: 10/10 MP: 6/6
   311 | D:1      | Reached XP level 2. HP: 12/15 MP: 4/8
   585 | D:1      | Reached XP level 3. HP: 19/19 MP: 8/10
  1038 | D:2      | Learned a level 3 spell: Conjure Flame
  1044 | D:2      | Found a basalt altar of Yredelemnul.
  1185 | D:2      | Reached XP level 4. HP: 24/24 MP: 7/11
  1221 | D:2      | Reached skill level 4 in Fire Magic
  1426 | D:3      | Noticed Guenter's ghost (amateur DsGl)
  1436 | D:3      | Killed Guenter's ghost
  1436 | D:3      | Reached XP level 5. HP: 28/28 MP: 2/13
  1546 | D:3      | Learned a level 4 spell: Sticky Flame
  1605 | D:3      | Found a snail-covered altar of Cheibriados.
  1718 | D:3      | Noticed Crazy Yiuf
  1722 | D:3      | Killed Crazy Yiuf
  2059 | D:3      | Found a basalt altar of Yredelemnul.
  2129 | D:3      | Reached skill level 5 in Fire Magic
  2230 | D:3      | Found a blossoming altar of Fedhas.
  2331 | D:4      | Got a twitching marble ring
  2471 | D:3      | Identified the ring of the Skies Above {SustAt rElec rPois rF+ Slay+3} (You found it on level 4 of the Dungeon)
  2478 | D:4      | Reached XP level 6. HP: 32/32 MP: 9/14
  2599 | D:4      | Found a sand-covered staircase.
  2607 | Ossuary  | Entered an ossuary
  2677 | Ossuary  | Reached skill level 5 in Spellcasting
  3241 | D:4      | Learned a level 5 spell: Fireball
  3276 | D:4      | Reached XP level 7. HP: 31/36 MP: 10/16
  3359 | D:4      | Reached skill level 6 in Fire Magic
  3523 | D:4      | You fall through a shaft for 3 floors!
  3548 | D:7      | HP: 1/36 [ogre/giant club (14)]
  3548 | D:7      | Slain by a scorpion

Vault maps used:
D:1:      roderic_octagonal_star
D:2:      lemuel_zombie_altar_yredelemnul
D:3:      old_standard_altar, lemuel_coloured_pillars_altar, first_bread,
          minmay_misc_feat_ornament, yredelemnul_altar_generic,
          uniq_crazy_yiuf_cottage
D:4:      kennysheep_slugbush, temple_green, nicolae_ossuary_entry_giza,
          minmay_close_crescents
D:7:      kennysheep_windowed_halls, lemuel_doored_altar,
          nicolae_dithmenos_the_darkroom, uniq_menkaure, uniq_prince_ribbit1
Ossuary:  ossuary_minmay_tomb_2a

Skill      XL: |  1  2  3  4  5  6  7 |
---------------+----------------------+-----
Conjurations   | 2 3 4 |  4.7
Fire Magic     | 4 5 6 |  6.3
Dodging        | 3 4 |  4.2
Spellcasting   | 4 5 |  5.4
Stealth        | |  2.4

Action                   |  1- 3 |  4- 6 |  7- 9 || total
-------------------------+-------+-------+-------++-------
Melee: Unarmed           |     7 |    18 |     1 ||    26
 Cast: Flame Tongue      |    66 |   114 |    37 ||   217
       Conjure Flame     |       |     6 |       ||     6
       Sticky Flame      |       |     1 |       ||     1
Evoke: Wand              |       |     7 |       ||     7
  Use: Potion            |       |     6 |     1 ||     7
       Scroll            |       |     4 |       ||     4
 Stab: Sleeping          |       |     1 |       ||     1
  Eat: Chunk             |       |     8 |       ||     8
Armor: Robe              |     3 |    10 |     4 ||    17
       Skin              |       |     6 |       ||     6
Dodge: Dodged            |    16 |    49 |    31 ||    96
